 Dungeon Crawl Stone Soup version 0.17.1-3-g152610e (webtiles) character file.

51 GFox the Ruffian (level 3, -3/33 HPs)
             Began as a Ghoul Monk on Mar 30, 2016.
             Was a Believer of Okawaru.
             Slain by a gnoll
             ... wielding a +0 halberd
              (10 damage)
             ... on level 2 of the Dungeon on Apr 2, 2016.
             The game lasted 00:16:59 (1455 turns).

GFox the Ruffian (Ghoul Monk)                       Turns: 1455, Time: 00:16:59

Health: -3/33      AC: 11    Str: 15    XL:     3   Next: 81%
Magic:  2/2        EV:  4    Int:  5    God:    Okawaru [**....]
Gold:   34         SH:  0    Dex: 11    Spells: 0 memorised, 2 levels left

rFire  . . .     SeeInvis .       - Unarmed
rCold  + . .     Clarity  .     i - +0 plate armour
rNeg   + + +     SustAt   .     (no shield)
rPois  ∞         Gourm    .     (no helmet)
rElec  .         Spirit   .     h - +0 cloak
rCorr  .         Warding  +     (no gloves)
rMut   .         Stasis   .     (no boots)
MR     +....                    e - amulet of warding
Stlth  ..........               (no ring)
                                d - ring of protection from magic

@: rotting, somewhat resistant to hostile enchantments, extremely unstealthy
A: rotting body, claws 1, carnivore 3, cold resistance 1, negative energy
resistance 3, slow regeneration 1, torment resistance, unbreathing
a: Heroism, Renounce Religion


You were on level 2 of the Dungeon.
You worshipped Okawaru.
Okawaru was pleased with you.
You were not hungry.

You visited 1 branch of the dungeon, and saw 2 of its levels.

You collected 34 gold pieces.

Inventory:

Armour
 a - a +0 robe
 h - a +0 cloak (worn)
 i - a +0 plate armour (worn)
Jewellery
 d - a ring of protection from magic (left claw)
 e - an amulet of warding (around neck)
Scrolls
 f - 3 scrolls of teleportation
 l - a scroll of amnesia {unknown}
 m - 2 scrolls of identify
Potions
 g - 3 potions of curing
 j - a potion of magic {unknown}
 k - a potion of cure mutation {unknown}
Comestibles
 b - 2 meat rations
 c - a chunk of flesh


   Skills:
 + Level 3.7 Fighting
 + Level 0.1 Armour
 + Level 3.2 Dodging
 + Level 2.2 Stealth
 + Level 5.0 Unarmed Combat


You had 2 spell levels left.
You didn't know any spells.

Dungeon Overview and Level Annotations

Branches:
Dungeon (2/15)

Altars:
Okawaru


Innate Abilities, Weirdness & Mutations

Your body is rotting away.
You thrive on raw meat.
You are immune to poison.
You have sharp fingernails.
You are carnivorous and can eat meat at any time.
Your flesh is cold resistant.
You are immune to negative energy.
You regenerate slowly when monsters are visible.
You are immune to unholy pain and torment.
You can survive without breathing.


Message History

Eat one of 3 chunks of flesh? (ye/n/q/i?) This raw flesh tastes great!
The gnoll hits you but does no damage.
You continue eating.
The gnoll shouts!
The gnoll hits you from afar with a halberd!
The gnoll hits you with a halberd.
You continue eating.
The gnoll hits you from afar with a halberd.
The gnoll barely misses you.
Eat one of 2 chunks of flesh? (ye/n/q/i?) This raw flesh tastes great!
The gnoll barely misses you.
You continue eating.
The gnoll hits you with a halberd. The gnoll hits you but does no damage.
You continue eating.
The gnoll hits you with a halberd!
* * * LOW HITPOINT WARNING * * *
You scratch the gnoll.
The gnoll is moderately wounded.
The gnoll hits you from afar with a halberd!
You die...

##.##......... ###.##.........
..............# #####
.........##...## ##...#
.........##....# ###..#.# #
.........# #...#####...##.#### #
.....)..####...#.....####....####
........#........###########.....
..........)....>@................
#.....#.........g................
#........#)....gg###....###......
#....###.#.......#####..........#
#....##..#..............#.......#
#....#..##.......#####..........#
.......########.#####............
...............................#.
##....#..######.###..##..........


You could see 3 gnolls.

Vanquished Creatures
  2 adders (D:2)
  3 bats (D:1)
  5 goblins
  6 hobgoblins
  7 kobolds
  4 giant newts
  5 rats
32 creatures vanquished.

Notes
Turn   | Place    | Note
--------------------------------------------------------------
     0 | D:1      | GFox the Ghoul Monk began the quest for the Orb.
     0 | D:1      | Reached XP level 1. HP: 19/19 MP: 0/0
   357 | D:1      | Reached XP level 2. HP: 23/23 MP: 1/1
  1061 | D:2      | Reached XP level 3. HP: 30/30 MP: 2/2
  1271 | D:2      | Found an iron altar of Okawaru.
  1281 | D:2      | Became a worshipper of Warmaster Okawaru
  1281 | D:2      | Reached * piety under Okawaru
  1281 | D:2      | Reached ** piety under Okawaru
  1415 | D:2      | Reached skill level 5 in Unarmed Combat
  1455 | D:2      | Slain by a gnoll

Action                   || total
-------------------------++-------
Melee: Unarmed           ||   116
  Use: Potion            ||     3
       Scroll            ||     4
 Stab: Sleeping          ||     1
  Eat: Chunk             ||    30
